 Dungeon Sprint DCSS version 0.32-a0-900-g30fb1b0edc (webtiles) character file.

Game seed: 13069195697317228457

3700000 Griffin23 the Axe Maniac (level 25, -179/234 HPs)
             Began as a Formicid Warper on Apr 6, 2024.
             Was the Champion of Makhleb.
             Annihilated by a sculptor of flesh
             ... wielding a +9 great sword
              (252 damage)
             ... in the Dungeon (Sprint VIII: "Arena of Blood").
             The game lasted 00:03:11 (37 turns).

Griffin23 the Axe Maniac (Formicid Warper)            Turns: 37, Time: 00:03:12

Health: -179/234   AC:  6    Str: 20    XL:     25   Next: 56%
Magic:  20/35      EV: 28    Int: 17    God:    Makhleb [******]
Gold:   0          SH:  0    Dex: 17    Spells: 28/28 levels left

rFire   . . .        g - +∞ Axe of Woe
rCold   . . .        (no shield)
rNeg    . . .        b - +0 leather armour
rPois   .            (helmet unavailable)
rElec   .            (no cloak)
rCorr   .            (no gloves)
SInv    +            (no boots)
Will    ++...        (no amulet)
Stlth   +++++++++    (no ring)
HPRegen 0.59/turn    (no ring)
MPRegen 0.24/turn

%: no passive effects
@: no status effects
A: permanent stasis, dig shafts and tunnels, antennae 3, four strong arms
a: Dig, Renounce Religion, Minor Destruction, Lesser Servant of Makhleb, Major
Destruction, Greater Servant of Makhleb


You were in the Dungeon.
You worshipped Makhleb.
Makhleb was exalted by your worship.
You visited 1 branch

Inventory:

Hand Weapons
 a - a +0 hand axe
 g - the +∞ Axe of Woe (weapon)
   (You found it in the Dungeon)
Missiles
 c - 7 darts of dispersal (quivered)
Armour
 b - a +0 leather armour (worn)
Potions
 d - a potion of curing
 e - a potion of heal wounds
 f - 2 potions of magic


   Skills:
 O Level 27 Fighting
 + Level 26.9(27) Short Blades
 + Level 26.5(27) Long Blades
 O Level 27 Axes
 + Level 23.4(27) Polearms
 + Level 25.8(27) Staves
 + Level 26.3 Ranged Weapons
 + Level 23.4 Throwing
 O Level 27 Armour
 O Level 27 Dodging
 O Level 27 Stealth
 - Level 17.5 Shields
 + Level 23.4 Unarmed Combat
 - Level 2.1 Spellcasting
 - Level 12.7 Conjurations
 - Level 16.1 Hexes
 - Level 13.7 Summonings
 - Level 13.7 Necromancy
 - Level 2.6 Translocations
 - Level 13.7 Fire Magic
 - Level 13.8 Ice Magic
 - Level 11.7 Air Magic
 - Level 16.1 Earth Magic
 - Level 17.5 Alchemy
 - Level 16.2 Invocations
 - Level 14.9 Evocations
 - Level 13.8 Shapeshifting


You had 28 spell levels left.
You didn't know any spells.
Your spell library contained the following spells:

 Spells                   Type           Power      Damage    Failure   Level
 Lesser Beckoning         Tloc           20%        N/A       11%         2
 Teleport Other           Tloc           10%        N/A       21%         3
 Blink                    Tloc           Unusable   N/A       N/A         2
 Vhi's Electric Charge    Tloc/Air       Unusable   N/A       N/A         4
 Maxwell's Portable Pile  Tloc           Unusable   2d(6-16)  N/A         3

Dungeon Overview and Level Annotations

Branches:
Dungeon (1/1)

Altars:
Makhleb


Innate Abilities, Weirdness & Mutations

You cannot be hasted, slowed, berserked, paralysed or teleported.
You can dig through walls and to a lower floor.
You have a pair of large antennae on your head. (SInv)
Your four strong arms can wield two-handed weapons with a shield.


Message History

Makhleb accepts your kill.
You slice the bag of meat!!
You fatally mangle the bag of meat.
You kill the bag of meat!
Makhleb accepts your kill.
The large bag of meat explodes!
The fiery explosion engulfs the bag of meat!
The fiery explosion engulfs the bag of meat!!
The fiery explosion engulfs the sculptor of flesh!!
The fiery explosion engulfs you!!
The large bag of meat explodes!
The fiery explosion engulfs you!!!
The fiery explosion engulfs the bag of meat!!!
You are engulfed in blazing flames.
The bag of meat is engulfed in blazing flames.
The sculptor of flesh is engulfed in blazing flames. x2
The bag of meat is engulfed in blazing flames. x2
Your base Short Blades skill increases to level 26!
Your base Long Blades skill gained 2 levels and is now at level 26!
Your base Polearms skill gained 2 levels and is now at level 23!
Your base Staves skill increases to level 25!
Your Ranged Weapons skill gained 2 levels and is now at level 26!
Your Throwing skill gained 2 levels and is now at level 23!
Your Unarmed Combat skill gained 2 levels and is now at level 23!
You have reached level 25!
A bag of meat and a meat berserker come into view.
You are engulfed in blazing flames.
The bag of meat is engulfed in blazing flames.
The bag of meat misses you.
A bag of meat comes into view. It is wielding a +9 war axe.
The bag of meat is engulfed in blazing flames. x3
The bag of meat attacks as it pursues you!
The bag of meat hits you with a +9 war axe!!
The sculptor of flesh is engulfed in blazing flames.
The destroyer gestures at you while chanting.
The destroyer blinks!
The sculptor of flesh is engulfed in blazing flames.
The sculptor of flesh attacks as it pursues you!
The sculptor of flesh hits you with a +9 great sword!!!!!
Ouch! That really hurt!
You die...

.# .## ####... ....
.. .......
..o..##.##.......
.................
...o.oO.#.#...o...
........o..o.....##
.....o..oo§oo......
#.......§oz@oo.....
.......§§zoV......
.......§§§§.......
..#..)Ooo☼#......
#.)o)§§§#..o§..
.###.).)...###.zo.
......)#)#.......Oo
........_.........V
.....#.))..#.....


You could see 2 destroyers, 3 sculptors of flesh, 3 meat berserkers and 21 bags
of meat.

Vanquished Creatures
  5 vampire knights (D)
  13 ogres (D)
  5 two-headed ogres (D)
  42 orcs (D)
65 creatures vanquished.

Notes
Turn   | Place    | Note
-------+----------+-------------------------------------------
     0 | D        | Found the +∞ Axe of Woe
     0 | D        | Griffin23 the Formicid Warper began the quest for the Orb.
     0 | D        | Reached XP level 1. HP: 16/16 MP: 3/3
     3 | D        | Noticed a bag of meat
     4 | D        | Became a worshipper of Makhleb the Destroyer
     4 | D        | Noticed a bag of meat
     5 | D        | Noticed a meat berserker
     6 | D        | Noticed a bag of meat
    10 | D        | Killed a meat berserker
    10 | D        | Killed a bag of meat
    10 | D        | Reached * piety under Makhleb
    10 | D        | Noticed a meat berserker
    11 | D        | Reached skill level 27 in Axes
    11 | D        | Reached XP level 2. HP: 22/22 MP: 5/5
    11 | D        | Reached XP level 3. HP: 27/27 MP: 6/6
    11 | D        | Reached XP level 4. HP: 33/33 MP: 7/7
    11 | D        | Reached XP level 5. HP: 38/38 MP: 8/8
    11 | D        | Reached XP level 6. HP: 44/44 MP: 9/9
    11 | D        | Reached XP level 7. HP: 50/50 MP: 10/10
    11 | D        | Reached XP level 8. HP: 56/56 MP: 11/11
    11 | D        | Reached XP level 9. HP: 61/61 MP: 12/12
    11 | D        | Reached XP level 10. HP: 67/67 MP: 13/13
    11 | D        | Reached XP level 11. HP: 72/72 MP: 14/14
    11 | D        | Reached XP level 12. HP: 78/78 MP: 15/15
    11 | D        | Reached XP level 13. HP: 83/83 MP: 16/16
    11 | D        | Killed a bag of meat
    11 | D        | Killed a bag of meat
    11 | D        | Noticed a bag of meat
    12 | D        | Reached skill level 5 in Short Blades
    12 | D        | Reached skill level 5 in Long Blades
    12 | D        | Reached skill level 5 in Staves
    12 | D        | Reached skill level 5 in Ranged Weapons
    12 | D        | Reached skill level 5 in Conjurations
    12 | D        | Reached skill level 5 in Summonings
    12 | D        | Reached skill level 5 in Necromancy
    12 | D        | Reached skill level 5 in Fire Magic
    12 | D        | Reached skill level 5 in Ice Magic
    12 | D        | Reached skill level 5 in Shapeshifting
    12 | D        | Reached XP level 14. HP: 90/90 MP: 16/19
    12 | D        | Noticed a bag of meat
    12 | D        | Noticed a bag of meat
    12 | D        | Noticed a bag of meat
    12 | D        | Noticed a bag of meat
    12 | D        | Noticed a meat berserker
    12 | D        | Noticed a bag of meat
    13 | D        | Noticed a bag of meat
    13 | D        | Noticed a bag of meat
    13 | D        | Noticed a bag of meat
    13 | D        | Noticed a bag of meat
    14 | D        | Killed a bag of meat
    14 | D        | Reached ** piety under Makhleb
    14 | D        | Killed a meat berserker
    14 | D        | Noticed a meat berserker
    14 | D        | Noticed a bag of meat
    15 | D        | Reached skill level 10 in Shields
    15 | D        | Reached skill level 10 in Alchemy
    15 | D        | Reached XP level 15. HP: 92/95 MP: 16/21
    15 | D        | Noticed a meat berserker
    15 | D        | Noticed a meat berserker
    16 | D        | Noticed a meat berserker
    18 | D        | Reached *** piety under Makhleb
    18 | D        | Noticed a meat berserker
    18 | D        | Noticed a large bag of meat
    19 | D        | Reached skill level 10 in Hexes
    19 | D        | Reached skill level 10 in Earth Magic
    19 | D        | Reached skill level 10 in Invocations
    19 | D        | Killed a meat berserker
    20 | D        | Reached skill level 10 in Evocations
    20 | D        | Reached XP level 16. HP: 101/101 MP: 17/24
    20 | D        | Killed a meat berserker
    20 | D        | Reached **** piety under Makhleb
    20 | D        | Killed a meat berserker
    20 | D        | Noticed a meat berserker
    21 | D        | Reached skill level 10 in Long Blades
    21 | D        | Reached skill level 10 in Staves
    21 | D        | Reached skill level 10 in Conjurations
    21 | D        | Reached XP level 17. HP: 106/106 MP: 17/26
    21 | D        | Killed a meat berserker
    21 | D        | Reached ***** piety under Makhleb
    21 | D        | Noticed a large bag of meat
    21 | D        | Noticed a destroyer
    22 | D        | Reached skill level 15 in Shields
    22 | D        | Reached skill level 10 in Air Magic
    22 | D        | Reached skill level 15 in Alchemy
    22 | D        | Killed a meat berserker
    22 | D        | Noticed a destroyer
    23 | D        | Reached XP level 18. HP: 112/112 MP: 17/30
    23 | D        | Noticed a meat berserker
    23 | D        | Noticed a large bag of meat
    23 | D        | Noticed a large bag of meat
    24 | D        | Reached ****** piety under Makhleb
    25 | D        | Reached skill level 10 in Dodging
    25 | D        | Reached XP level 19. HP: 154/159 MP: 17/31
    25 | D        | Killed a destroyer
    26 | D        | Reached XP level 20. HP: 182/182 MP: 18/32
    26 | D        | Noticed a large bag of meat
    26 | D        | Noticed a meat berserker
    26 | D        | Noticed a meat berserker
    27 | D        | Noticed a destroyer
    27 | D        | Noticed a destroyer
    27 | D        | Killed a meat berserker
    27 | D        | Killed a destroyer
    27 | D        | Noticed a meat berserker
    28 | D        | Reached skill level 27 in Fighting
    28 | D        | Reached XP level 21. HP: 204/204 MP: 18/33
    28 | D        | Noticed a destroyer
    29 | D        | Killed a destroyer
    29 | D        | Killed a meat berserker
    30 | D        | Reached skill level 27 in Armour
    30 | D        | Reached skill level 27 in Stealth
    30 | D        | Killed a large bag of meat
    30 | D        | Killed a destroyer
    31 | D        | Reached skill level 27 in Dodging
    31 | D        | Reached skill level 10 in Polearms
    31 | D        | Reached skill level 15 in Staves
    31 | D        | Reached skill level 10 in Throwing
    31 | D        | Reached skill level 10 in Unarmed Combat
    31 | D        | Reached XP level 22. HP: 165/212 MP: 19/34
    32 | D        | Killed a meat berserker
    32 | D        | Killed a meat berserker
    32 | D        | Noticed a meat berserker
    33 | D        | Reached XP level 23. HP: 219/219 MP: 19/35
    33 | D        | Killed a destroyer
    33 | D        | Killed a large bag of meat
    33 | D        | Noticed a destroyer
    34 | D        | Reached XP level 24. HP: 173/227 MP: 19/35
    35 | D        | Killed a large bag of meat
    35 | D        | Noticed a destroyer
    36 | D        | Killed a large bag of meat
    36 | D        | Killed a large bag of meat
    37 | D        | Reached XP level 25. HP: 129/234 MP: 20/35
    37 | D        | Annihilated by a sculptor of flesh

Illustrated notes

Levels and vault maps discovered:
D:        meatsprint

Skill      XL: |  1  2  3  4  5  6  7  8  9 10 11 12 13 14 15 16 17 18 19 20 21 22 23 24 |
---------------+-------------------------------------------------------------------------+-----
Axes           | 27 | 27.0
Short Blades   | 5 7 9 11 13 17 19 22 26 | 26.9
Long Blades    | 5 6 8 10 12 16 18 21 26 | 26.5
Staves         | 5 6 8 10 12 15 18 21 25 | 25.8
Ranged Weapons | 5 7 9 11 13 16 19 21 26 | 26.3
Shields        | 7 10 12 14 17 | 17.5
Conjurations   | 5 6 8 10 12 | 12.7
Hexes          | 7 9 11 13 16 | 16.1
Summonings     | 5 7 9 11 13 | 13.7
Necromancy     | 5 7 9 11 13 | 13.7
Fire Magic     | 5 7 9 11 13 | 13.7
Ice Magic      | 5 7 9 11 13 | 13.8
Air Magic      | 4 6 8 9 11 | 11.7
Earth Magic    | 7 9 11 13 16 | 16.1
Alchemy        | 7 10 12 14 17 | 17.5
Invocations    | 7 9 11 13 16 | 16.2
Evocations     | 6 8 10 12 14 | 14.9
Shapeshifting  | 5 7 9 11 13 | 13.8
Fighting       | 16 22 27 | 27.0
Armour         | 11 16 20 27 | 27.0
Dodging        | 10 13 17 27 | 27.0
Stealth        | 13 18 24 27 | 27.0
Polearms       | 10 14 17 23 | 23.4
Throwing       | 10 14 17 23 | 23.4
Unarmed Combat | 10 14 17 23 | 23.4
Spellcasting   | |  2.1
Translocations | |  2.6

Action                     |  1- 3 |  4- 6 |  7- 9 | 10-12 | 13-15 | 16-18 | 19-21 | 22-24 | 25-27 || total
---------------------------+-------+-------+-------+-------+-------+-------+-------+-------+-------++-------
  Melee: Executioner's axe |     1 |       |       |       |     5 |     4 |     4 |     5 |       ||    19
Ability: Dig               |       |       |       |       |     1 |       |       |       |       ||     1
 Armour: Leather armour    |       |       |       |       |       |     1 |     3 |     9 |     3 ||    16
  Dodge: Dodged            |       |       |       |       |       |     2 |       |     1 |     1 ||     4

Table legend: (Time is in decaauts)
 A = Elapsed time spent in this place.
 B = Non-inter-level travel time spent in this place.
 C = Inter-level travel time spent in this place.
 D = Time resting spent in this place.
 E = Time spent auto-exploring this place.
 F = Levels seen in this place.
 G = Mean time per level.
                   A        B        C        D        E       F      G
               +--------+--------+--------+--------+--------+-----+--------+
         Total |     31 |     31 |      0 |      0 |      0 |   1 |   31.0 |
       Dungeon |     31 |     31 |      0 |      0 |      0 |   1 |   31.0 |
               +--------+--------+--------+--------+--------+-----+--------+

Top non-repeatable levels by time:
       D: 31 daAuts
